AoeStats
← shadow

Black Forest

510048438Analyzed
2v2 RM · 4d ago on Sep 29, 2026· 57m 22s· 4 players
Game mode
Random Map
Map size
Medium (4 player)
Population
200
Speed
Normal
Resources
Standard
Victory
Conquest
Starting age
Dark Age
Ending age
Imperial Age
RankedLock teamsTeams togetherTeam positionsShared explorationLock speedFull tech treeHidden civsTurbo modeCheats
Victory
Defeat
🇷🇺 Bohemians · Russia
942
+16
🇹🇼 Portuguese · Taiwan
870
+20
🇭🇰 Mongols · Hong Kong SAR China
949
-53
🇨🇳 Magyars · China
949
-53
3978324772
3:45 Loom
10:42 Feudal Age
11:21 Horse Collar
12:18 Wheelbarrow
11:38 Double-Bit Axe
13:37 Bloodlines
15:07 Forging
18:20 Scale Barding Armor
22:53 Castle Age
21:18 Gold Mining
21:20 Stone Mining
23:59 Hand Cart
24:22 Gold Shaft Mining
24:24 Stone Shaft Mining
24:01 Bow Saw
23:44 Fletching
23:57 Padded Archer Armor
25:40 Bodkin Arrow
26:50 Leather Archer Armor
27:58 Husbandry
28:35 Heavy Plow
29:24 Light Cavalry
32:37 Iron Casting
36:00 Imperial Age
34:20 Thumb Ring
35:34 Iron Casting
35:20 Chain Barding Armor
37:10 Conscription
36:36 Hussar
37:56 Bracer
39:20 Blast Furnace
38:48 Parthian Tactics
40:40 Chemistry
42:04 Siege Engineers
41:35 Elite Mangudai
43:49 Nomads
44:23 Onager
47:34 Siege Onager
shadow
4:38 Loom
13:44 Feudal Age
15:12 Double-Bit Axe
24:09 Castle Age
23:06 Horse Collar
25:24 Wheelbarrow
27:04 Stone Mining
28:43 Wheelbarrow
31:51 Hand Cart
32:44 Corvinian Army
36:07 Heavy Plow
42:25 Imperial Age
42:34 Scale Barding Armor
42:22 Fletching
42:33 Padded Archer Armor
43:03 Hand Cart
samlu86
0:53 Loom
11:33 Feudal Age
12:51 Double-Bit Axe
17:00 Wheelbarrow
16:31 Horse Collar
19:32 Castle Age
17:46 Gold Mining
17:47 Stone Mining
23:35 Wheelbarrow
24:09 Heavy Plow
31:03 Hand Cart
34:22 Imperial Age
33:09 Forging
32:59 Scale Mail Armor
32:52 Fletching
33:02 Padded Archer Armor
34:35 Bow Saw
34:53 Fortified Wall
34:24 Treadmill Crane
34:56 Masonry
34:39 Elite Skirmisher
34:41 Pikeman
37:00 Crop Rotation
37:40 Chemistry
37:11 Architecture
36:25 Halberdier
37:27 Thumb Ring
38:24 Caravan
39:42 Conscription
40:07 Ballistics
40:17 Bodkin Arrow
40:39 Leather Archer Armor
40:59 Iron Casting
40:40 Chain Mail Armor
43:00 Siege Engineers
44:07 Blast Furnace
43:08 Bracer
43:38 Ring Archer Armor
47:46 Plate Mail Armor
50:19 Heated Shot
50:24 Murder Holes
50:20 Guard Tower
50:50 Bombard Tower
50:24 Town Watch
50:26 Arson
51:00 Guilds
51:20 Coinage
53:51 Scale Barding Armor
54:30 Keep
54:40 Bloodlines
53:51 Cavalier
54:33 Husbandry
55:14 Stone Shaft Mining
56:11 Chain Barding Armor
X-you
0:30 Loom
12:03 Feudal Age
12:50 Double-Bit Axe
12:47 Horse Collar
14:16 Wheelbarrow
22:06 Castle Age
23:47 Heavy Plow
24:01 Bow Saw
24:10 Hand Cart
31:56 Imperial Age
31:25 Chemistry
30:46 Ballistics
30:35 Wagenburg Tactics
31:37 Pikeman
32:18 Squires
32:37 Scale Mail Armor
32:28 Fletching
32:49 Forging
32:40 Padded Archer Armor
35:25 Two-Man Saw
34:32 Bodkin Arrow
35:14 Iron Casting
34:55 Chain Mail Armor
35:18 Conscription
34:35 Elite Skirmisher
35:24 Halberdier
37:36 Siege Engineers
37:42 Fortified Wall
39:52 Elite Hussite Wagon
39:58 Houfnice
41:37 Bracer
41:53 Leather Archer Armor
42:09 Plate Mail Armor
42:40 Blast Furnace
42:09 Caravan
42:20 Guilds
57:19 Ring Archer Armor
Connection lost

Rejoining the realm…

Still unreachable

The connection could not be restored.

Session expired

The server has moved on; the page needs a fresh start.